 Dungeon Crawl Stone Soup version 0.29.0-13-gc9e81de378 (webtiles) character file.

Game seed: 831133575778877477

53 Descartes the Shield-Bearer (level 4, -1/35 HPs)
             Began as a Formicid Fighter on Sept 7, 2022.
             Slain by a goblin
             ... wielding a +0 vampiric dagger
             ... led by Robin
              (2 damage)
             ... on level 2 of the Dungeon.
             The game lasted 00:01:44 (1054 turns).

Descartes the Shield-Bearer (Formicid Fighter)      Turns: 1054, Time: 00:01:46

Health: -1/35      AC:  7    Str: 21 (22) XL:     4   Next: 11%
Magic:  4/4        EV:  9    Int:  7 (8)  God:
Gold:   0          SH:  5    Dex: 11 (13) Spells: 3/3 levels left

rFire   . . .      SeeInvis +   j - +0 battleaxe
rCold   . . .      Faith    .   c - +0 buckler
rNeg    . . .      Spirit   .   b - +0 scale mail
rPois   .          Reflect  .   (helmet unavailable)
rElec   .          Harm     .   (no cloak)
rCorr   .          Rampage  .   (no gloves)
Will    .....                   (no boots)
Stlth   ..........              (no amulet)
HPRegen 0.11/turn               (no ring)
MPRegen 0.09/turn               (no ring)

@: no status effects
A: permanent stasis, dig shafts and tunnels, antennae 3, four strong arms,
mutation resistance 1
a: Dig, Shaft Self


You were on level 2 of the Dungeon.
You visited 1 branch of the dungeon, and saw 2 of its levels.

Inventory:

Hand Weapons
 a - a +0 war axe
 j - a +0 battleaxe (weapon)
Missiles
 h - 17 stones
Armour
 b - a +0 scale mail (worn)
 c - a +0 buckler (worn)
Scrolls
 e - a scroll of summoning {unknown}
 i - 2 scrolls of teleportation {unknown}
 l - a scroll of blinking {unknown}
 m - a scroll of noise {unknown}
Potions
 d - a potion of might
 f - a potion of haste {unknown}
 g - a potion of degeneration
 k - a potion of mutation


   Skills:
 - Level 3.2 Fighting
 + Level 2.8 Axes
 + Level 4.0 Armour
 + Level 4.8 Shields


You had 3 spell levels left.
You didn't know any spells.
Your spell library was empty.

Dungeon Overview and Level Annotations

Branches:
Dungeon (2/15)

Altars:

Annotations:
D:2 Robin


Innate Abilities, Weirdness & Mutations

You cannot be hasted, slowed, berserked, paralysed or teleported.
You can dig through walls and to a lower floor.
You have a pair of large antennae on your head. (SInv)
Your four strong arms can wield two-handed weapons with a shield.
You are somewhat resistant to further mutation.


Message History

You are too injured to fight recklessly!
You are too injured to fight recklessly!
You are too injured to fight recklessly!
You are too injured to fight recklessly!
You are too injured to fight recklessly!
You are too injured to fight recklessly!
You are too injured to fight recklessly!
Unknown command.
Unknown command.
You are too injured to fight recklessly!
Unknown command.
You are too injured to fight recklessly!
Unknown command.
You closely miss the goblin. You slash the goblin!
You kill the goblin!
You slash the goblin!
You kill the goblin!
You slash the hobgoblin!
You kill the hobgoblin!
The goblin hits you but does no damage.
Robin says, "A pitiful Ant like you will never find the ORB!"
Robin throws the goblin at you! The goblin hits you with a +0 dagger.
* * * LOW HITPOINT WARNING * * *
The goblin hits you with a +0 vampiric dagger.
* * * LOW HITPOINT WARNING * * *
You block the goblin's attack. The goblin hits you with a +0 dagger.
* * * LOW HITPOINT WARNING * * *
Your Armour skill increases to level 4!
It was a potion of degeneration.
There was something very wrong with that liquid.
You feel weakened.
You feel dopey.
You feel clumsy. You block the goblin's attack. The goblin barely misses you.
You block the goblin's attack.
It was a potion of mutation.
You feel extremely strange.
You feel genetically stable.
The goblin shouts!
The goblin hits you with a +0 club.
* * * LOW HITPOINT WARNING * * *
The goblin hits you with a +0 vampiric dagger.
You die...

.g. #.# #.. #.# # #.#
# #.##g##.# #..gg)..#
#@# #########g#
#.........#
###.######..#
#...######..#
#.#.....##....
#...###........
#######...........###
..<.....########.##


You could see Robin and 4 goblins.

Vanquished Creatures
  A gnoll (D:1)
  A dart slug (D:1)
  2 ball pythons (D:1)
  5 bats (D:1)
  5 endoplasms (D:1)
  A giant cockroach (D:1)
  4 goblins (D:2)
  3 hobgoblins
  4 jackals (D:1)
  5 kobolds (D:1)
  2 quokkas (D:1)
  2 rats (D:1)
35 creatures vanquished.

Notes
Turn   | Place    | Note
-------+----------+-------------------------------------------
     0 | D:1      | Descartes the Formicid Fighter began the quest for the Orb.
     0 | D:1      | Reached XP level 1. HP: 18/18 MP: 1/1
    77 | D:1      | Reached XP level 2. HP: 21/24 MP: 2/2
   434 | D:1      | Reached XP level 3. HP: 22/29 MP: 3/3
   511 | D:1      | Found a faded altar of an unknown god.
  1045 | D:2      | Noticed Robin
  1048 | D:2      | Reached XP level 4. HP: 35/35 MP: 4/4
  1054 | D:2      | Gained mutation: You are somewhat resistant to further
                  | mutation. [potion of mutation]
  1054 | D:2      | HP: 1/35 [goblin/+0 club[Robin] (2)]
  1054 | D:2      | Slain by a goblin

Illustrated notes

Levels and vault maps discovered:
D:1:      co_arrival_random_square_maze, layout_loops_ring,
          chequers_ecumenical_altar_island
D:2:      layout_loops_corners, minivault_27, hangedman_decor_clover_reticule,
          minmay_close_crescents, uniq_robin, uniq_natasha

Skill      XL: |  1  2  3  4 |
---------------+-------------+-----
Armour         | 4 |  4.0
Fighting       | |  3.2
Axes           | |  2.8
Shields        | |  4.8

Action                   |  1- 3 |  4- 6 || total
-------------------------+-------+-------++-------
Melee: War axe           |    43 |       ||    43
       Battleaxe         |    49 |     5 ||    54
  Use: Potion            |       |     2 ||     2
Armor: Scale mail        |    69 |     5 ||    74
Dodge: Dodged            |    61 |     9 ||    70
Block: Buckler           |    23 |     6 ||    29
